 Dungeon Crawl Stone Soup version 0.16-a0-331-g39fd2ee (webtiles) character file.

9 Kashira the Caller (level 2, -1/19 HPs)
             Began as a Mummy Summoner on Sept 8, 2014.
             Slain by a giant gecko (5 damage)
             ... on Level 2 of the Dungeon.
             The game lasted 00:04:23 (1043 turns).

Kashira the Caller (Mummy Summoner)                 Turns: 1043, Time: 00:04:23

HP  -1/19        AC  5     Str 11      XL: 2   Next:  6%
MP   1/4         EV 12     Int 14      God:
Gold 34          SH  0     Dex 12      Spells:  1 memorised,  4 levels left

rFire  x . .     SeeInvis .     i - +0 halberd
rCold  + . .     Clarity  .     a - +0 robe
rNeg   + + +     rCorr    .     (no shield)
rPois  +         rRot     +     g - +2 hat
rElec  .         Spirit   .     (no cloak)
SustAb .         Warding  .     j - +0 pair of gloves
rMut   .         Stasis   .     (no boots)
Gourm  .                        (no amulet)
MR     .....                    (no ring)
                                (no ring)

@: not resistant to hostile enchantments, unstealthy
A: no food or potions, fire vulnerability, restore body, cold resistance 1,
negative energy resistance 3, poison resistance, torment resistance, unbreathing
a: no special abilities


You were on level 2 of the Dungeon.
You were not hungry.

You visited 1 branch of the dungeon, and saw 2 of its levels.

You collected 34 gold pieces.

Inventory:

Hand weapons
 h - a +0 short sword
 i - a +0 halberd (weapon)
Armour
 a - a +0 robe (worn)
 g - a +2 hat (worn)
 j - a +0 pair of gloves (worn)
Scrolls
 c - a scroll of blinking {unknown}
 d - a scroll of magic mapping {unknown}
 e - a scroll of enchant weapon {unknown}
 f - 2 scrolls of enchant armour {unknown}
Books
 b - a book of Callings

   Spells                             Type                      Level
   *Summon Small Mammal               Summoning                    1
   Call Imp                           Summoning                    2
   Call Canine Familiar               Summoning                    3
   Summon Guardian Golem              Hexes/Summoning              4
   Summon Lightning Spire             Summoning/Air                4
   Summon Ice Beast                   Ice/Summoning                4


   Skills:
 + Level 1.6 Dodging
 - Level 1.5 Stealth
 + Level 2.0 Spellcasting
 * Level 3.6 Summonings


You had 4 spell levels left.
You knew the following spells:

 Your Spells              Type           Power        Failure   Level  Hunger
a - Summon Small Mammal   Summ           ##..         6%          1    N/A

Dungeon Overview and Level Annotations

Branches:
Dungeon (2/15)

Altars:


Innate Abilities, Weirdness & Mutations

You do not eat or drink.
Your flesh is vulnerable to fire.
Your flesh is cold resistant.
You are immune to negative energy.
Your system is resistant to poisons.
You are immune to unholy pain and torment.
You can survive without breathing.


Message History

Your bat misses the giant gecko. The giant gecko misses your bat.
You barely miss the giant gecko.
The giant gecko is moderately wounded.
Your bat hits the giant gecko but does no damage.
The adder barely misses your bat.
You closely miss the giant gecko.
The giant gecko is moderately wounded.
Your bat barely misses the giant gecko.
The giant gecko closely misses you.
The giant gecko bites you but does no damage.
You hit the giant gecko.
The giant gecko is severely wounded.
Your bat barely misses the adder.
The adder bites you. The giant gecko completely misses you.
The adder bites you but does no damage. The giant gecko barely misses you.
You barely miss the giant gecko.
The giant gecko is severely wounded.
Your bat misses the adder. The adder bites you.
* * * LOW HITPOINT WARNING * * *
The giant gecko bites you.
You die...

.....<
##....#
#....#
###....##
#.......#
#.......#
#..<....#
###...#.#
#@..# #
#lSb..#
#.....#
#>=...#
#.....#
#.....#
#.....#
#.....
#..


You could see an adder, a giant gecko and a friendly bat.

Vanquished Creatures
  A giant cockroach (D:1)
1 creature vanquished.

Vanquished Creatures (collateral kills)
  A gnoll (D:1)
  A bat (D:1)
  2 goblins (D:1)
  A hobgoblin (D:1)
  2 giant newts (D:1)
7 creatures vanquished.

Vanquished Creatures (others)
  5 bats (D:1)
  10 rats (D:1)
15 creatures vanquished.

Grand Total: 23 creatures vanquished

Notes
Turn   | Place    | Note
--------------------------------------------------------------
     0 | D:1      | Kashira, the Mummy Summoner, began the quest for the Orb.
     0 | D:1      | Reached XP level 1. HP: 13/13 MP: 3/3
   422 | D:1      | Reached XP level 2. HP: 19/19 MP: 0/4
  1043 | D:2      | Slain by a giant gecko

Action                   || total
-------------------------++-------
Melee: Unarmed           ||     1
       Halberd           ||     9
 Cast: Summon Small Mamm ||    33
